 Dungeon Crawl Stone Soup version 0.31-a0-150-g89dc3ad700 (webtiles) character file.

Game seed: 1293835807799503350

1029 Irreverend the Chopper (level 8, 0/64 (70) HPs)
             Began as a Minotaur Fighter on June 9, 2023.
             Slain by a wight
             ... wielding a +0 trident
              (9 damage)
             ... on level 5 of the Dungeon.
             The game lasted 00:03:25 (2798 turns).

Irreverend the Chopper (Minotaur Fighter)           Turns: 2798, Time: 00:03:25

HP:   0/64 (70)     AC: 12    Str: 22    XL:     8   Next: 3%
MP:   7/7           EV:  6    Int:  5    God:
Gold: 238           SH:  5    Dex: 11    Spells: 7/7 levels left

rFire   . . .        a - +0 war axe
rCold   . . .        c - +0 buckler
rNeg    . . .        n - +0 plate armour
rPois   .            (helmet restricted)
rElec   .            (no cloak)
rCorr   .            (no gloves)
SInv    .            (no boots)
Will    .....        (no amulet) Stlth
                     r - ring of flight
HPRegen 0.30/turn    (no ring)
MPRegen 0.10/turn

%: no passive effects
@: flying, drained
A: horns 2, retaliatory headbutt
a: no special abilities


You were on level 5 of the Dungeon.
You visited 1 branch of the dungeon, and saw 5 of its levels.

You collected 238 gold pieces.

Inventory:

Hand Weapons
 a - a +0 war axe (weapon)
Armour
 b - a +0 scale mail
 c - a +0 buckler (worn)
 n - a +0 plate armour (worn)
Jewellery
 k - a ring of wizardry
 q - an amulet of magic regeneration
 r - a ring of flight (left hand)
Scrolls
 f - 2 scrolls of brand weapon {unknown}
 i - 4 scrolls of identify {unknown}
 j - 2 scrolls of enchant weapon {unknown}
 l - a scroll of magic mapping {unknown}
 m - 2 scrolls of teleportation {unknown}
 o - a scroll of poison {unknown}
 p - a scroll of fog {unknown}
Potions
 d - 2 potions of might
 e - a potion of berserk rage {unknown}
 h - a potion of magic
 s - a potion of enlightenment {unknown}


   Skills:
 + Level 6.1 Fighting
 * Level 7.5 Axes
 + Level 6.1 Armour
 + Level 6.1 Shields


You had 7 spell levels left.
You didn't know any spells.
Your spell library contained the following spells:

 Spells                   Type           Power      Damage    Failure   Level
 Shock                    Conj/Air       0%         1d3       100%        1
 Stone Arrow              Conj/Erth      0%         3d7       100%        3
 Swiftness                Air            0%         N/A       100%        3
 Airstrike                Air            0%         2d(0-16)  100%        4
 Animate Armour           Summ/Erth      0%         N/A       100%        4
 Lehudib's Crystal Spear  Conj/Erth      0%         10d2      100%        8


Dungeon Overview and Level Annotations

Branches:
Dungeon (5/15)
 Temple: D:4-7

Altars:
Fedhas
Okawaru
Trog


Innate Abilities, Weirdness & Mutations

You have a pair of horns on your head.
You reflexively headbutt those who attack you in melee.


Message History

The shadow imp hits you but does no damage.
It was a potion of curing.
You feel better. You block the wight's attack. The shadow imp hits you.
* * * LOW HITPOINT WARNING * * *
You hit the shadow imp but do no damage.
Your headbutt misses the shadow imp. You block the wight's attack.
The shadow imp hits you but does no damage.
The wight hits you but does no damage.
You hit the shadow imp. You headbutt the shadow imp.
The shadow imp is severely wounded.
The shadow imp hits you but does no damage.
The wight hits you from afar with a +0 trident.
* * * LOW HITPOINT WARNING * * *
You feel drained. The shadow imp barely misses you.
You hit the shadow imp but do no damage.
The shadow imp is severely wounded.
The wight completely misses you. You block the shadow imp's attack.
Found a scroll labelled NAGRAMMIDD.
You hit the shadow imp. You headbutt the shadow imp.
You kill the shadow imp!
You barely miss the wight. Your headbutt misses the wight.
The wight hits you with a +4 hand axe.
* * * LOW HITPOINT WARNING * * *
You barely miss the wight. You headbutt the wight!
The wight is severely damaged.
The wight hits you from afar with a +0 trident!
* * * LOW HITPOINT WARNING * * *
You block the wight's attack.
You completely miss the wight.
The wight is severely damaged.
You block the wight's attack. The wight closely misses you.
The wight completely misses you.
You slash the wight!
You destroy the wight!
The wight hits you but does no damage.
You have reached level 8!
You feel agile.
You feel better. The wight closely misses you.
The wight hits you with a +0 trident!
You die...

.....# #.#..
...#z.#
....#
.....#. #.#
#...###.#
#.)...###.#
#.z.#.....#
#...>.# #
#####..#
#..@z.[#
#....####.#
#....#..†<#
#....#....#
#...?#..#..
#......)#.##
#....#.##..
#....#. ###
.. #.


You could see a wight.

Vanquished Creatures
  A black bear (D:4)
  2 centaurs (D:4)
  A phantom (D:4)
  A scorpion (D:4)
  3 wights (D:5)
  A howler monkey (D:5)
  A hound (D:4)
  A bullfrog skeleton (D:4)
  A sleepcap (D:4)
  A scorpion zombie (D:4)
  2 iguanas
  An orc wizard (D:3)
  3 hound zombies (D:4)
  A howler monkey zombie (D:4)
  5 gnolls
  3 adders (D:4)
  A shadow imp (D:5)
  A white imp (D:5)
  2 adder skeletons (D:4)
  2 adder zombies (D:4)
  A dart slug (D:2)
  12 orcs
  9 ball pythons
  6 endoplasms
  4 giant cockroaches
  7 goblins
  8 hobgoblins
  3 jackals (D:4)
  12 kobolds
  A quokka (D:2)
  A bat (D:1)
  8 frilled lizards
  A quokka skeleton (D:4)
  4 rats
111 creatures vanquished.

Notes
Turn   | Place    | Note
-------+----------+-------------------------------------------
     0 | D:1      | Irreverend the Minotaur Fighter began the quest for the
                  | Orb.
     0 | D:1      | Reached XP level 1. HP: 19/19 MP: 0/0
    76 | D:1      | Reached XP level 2. HP: 14/27 MP: 1/1
   163 | D:1      | Reached skill level 3 in Axes
   460 | D:1      | Reached XP level 3. HP: 22/33 MP: 2/2
   652 | D:2      | Found a bloodstained altar of Trog.
   717 | D:2      | Reached XP level 4. HP: 30/40 MP: 3/3
   784 | D:2      | Reached skill level 4 in Axes
  1517 | D:3      | Reached XP level 5. HP: 44/47 MP: 4/4
  1864 | D:4      | Noticed a centaur
  1872 | D:4      | Killed a centaur
  1873 | D:4      | Reached skill level 5 in Axes
  2022 | D:4      | Noticed a phantom
  2037 | D:4      | Killed a phantom
  2038 | D:4      | Reached skill level 5 in Fighting
  2038 | D:4      | Reached skill level 5 in Armour
  2038 | D:4      | Reached skill level 5 in Shields
  2038 | D:4      | Reached XP level 6. HP: 45/56 MP: 5/5
  2098 | D:4      | Identified the +0 rapier of Insufficient Pleasure {pain,
                  | rElec rPois rC+ Str-5}
  2199 | D:4      | Reached skill level 6 in Axes
  2222 | D:4      | Reached XP level 7. HP: 55/61 MP: 6/6
  2620 | D:4      | Found a blossoming altar of Fedhas.
  2620 | D:4      | Found an iron altar of Okawaru.
  2716 | D:5      | Entered Level 5 of the Dungeon
  2729 | D:5      | Reached skill level 7 in Axes
  2794 | D:5      | HP: 2/55 [wight/+0 trident (7)]
  2797 | D:5      | Reached XP level 8. HP: 3/64 MP: 7/7
  2798 | D:5      | Slain by a wight

Illustrated notes

Levels and vault maps discovered:
D:1:      denvon_arrival_planthouse, layout_rooms
D:2:      layout_rooms, basic_altar
D:3:      layout_loops_ring
D:4:      layout_basic, gammafunk_temple_overflow_statue, serial_undead,
          serial_undead_a, serial_undead_b, serial_undead_d, serial_undead_a,
          kennysheep_small_square
D:5:      minmay_clustersquares, layout_basic, nicolae_sif_muna_condensation,
          lemuel_temple_firewalk_b, chequers_serial_rivers_micro_a,
          chequers_serial_rivers_large_a, uniq_edmund

Skill      XL: |  1  2  3  4  5  6  7 |
---------------+----------------------+-----
Axes           | 3 4 5 6 7 |  7.5
Fighting       | 4 5 6 |  6.1
Armour         | 4 5 6 |  6.1
Shields        | 4 5 6 |  6.1

Action                     |  1- 3 |  4- 6 |  7- 9 || total
---------------------------+-------+-------+-------++-------
  Melee: War axe           |    69 |   107 |    79 ||   255
         Headbutt          |     8 |    14 |    13 ||    35
    Use: Potion            |       |       |     3 ||     3
 Armour: Scale mail        |    34 |    12 |       ||    46
         Plate armour      |       |    55 |    66 ||   121
  Dodge: Dodged            |    31 |    35 |    31 ||    97
  Block: Buckler           |    23 |    29 |    30 ||    82

Table legend: (Time is in decaauts)
 A = Elapsed time spent in this place.
 B = Non-inter-level travel time spent in this place.
 C = Inter-level travel time spent in this place.
 D = Time resting spent in this place.
 E = Time spent auto-exploring this place.
 F = Levels seen in this place.
 G = Mean time per level.
                   A        B        C        D        E       F      G
               +--------+--------+--------+--------+--------+-----+--------+
         Total |   2868 |   2748 |    120 |      0 |   2122 |   5 |  573.6 |
       Dungeon |   2868 |   2748 |    120 |      0 |   2122 |   5 |  573.6 |
               +--------+--------+--------+--------+--------+-----+--------+

Top non-repeatable levels by time:
     D:4: 885 daAuts
     D:1: 672 daAuts
     D:3: 663 daAuts
     D:2: 558 daAuts
     D:5: 88 daAuts
